 Dungeon Crawl Stone Soup version 0.22-a0-389-g8519d86 (webtiles) character file.

225 sankara the Digger (level 5, 0/57 HPs)
             Began as a Draconian Earth Elementalist on Apr 30, 2018.
             Succumbed to an orc's poison
             ... on level 3 of the Dungeon.
             The game lasted 00:08:45 (3117 turns).

sankara the Digger (Draconian Earth Elementalist)   Turns: 3117, Time: 00:08:46

Health: 0/57       AC: 22    Str: 16    XL:     5   Next: 68%
Magic:  11/11      EV:  2    Int: 16    God:
Gold:   106        SH:  0    Dex: 11    Spells: 11/12 levels left

rFire    . . .     SeeInvis .   a - +0 short sword
rCold    . . .     Gourm    .   (no shield)
rNeg     + + +     Faith    .   (armour unavailable)
rPois    +         Spirit   .   (helmet currently unavailable)
rElec    .         Reflect  .   (cloak currently unavailable)
rCorr    .         Harm     .   (gloves currently unavailable)
MR       .....     NoTele   +   (boots currently unavailable)
Stlth    +++.......             (no amulet)
HPRegen  0.19/turn              (no ring)
MPRegen  0.12/turn              n - ring of stealth {Stlth+}

@: mighty, lethally poisoned (0 -> -30), tree-form, invisible
A: unfitting armour, AC +5
a: no special abilities


You were on level 3 of the Dungeon.
You were not hungry.
You were a tree.
You visited 1 branch of the dungeon, and saw 3 of its levels.

You collected 106 gold pieces.

Inventory:

Hand Weapons
 a - a +0 short sword (weapon)
   (You took it off a kobold on level 1 of the Dungeon)
 b - a +0 hand crossbow
   (You found it on level 3 of the Dungeon)
Missiles
 e - a throwing net {=f, !d}
 o - 17 sling bullets
Armour
 h - a +0 cloak (melded)
   (You found it on level 1 of the Dungeon)
Magical Staves
 g - an uncursed staff of wizardry {wiz+, !a}
   (You found it on level 3 of the Dungeon)
Jewellery
 m - an uncursed ring of fire {rF+, rC-}
   (You found it on level 1 of the Dungeon)
 n - a ring of stealth (right branch) {Stlth+}
   (You found it on level 1 of the Dungeon)
Scrolls
 f - a scroll of teleportation
 i - 2 scrolls of blinking {unknown}
 j - 4 scrolls of identify {unknown}
 k - a scroll of enchant weapon {unknown}
 l - a scroll of remove curse
 r - a scroll of enchant armour {unknown}
 s - a scroll of fear {unknown}
 u - a scroll of immolation {unknown}
Potions
 p - a potion of might
Comestibles
 c - 6 rations
 q - 4 chunks of flesh {@w0}


   Skills:
 - Level 1.8 Dodging
 - Level 1.8 Stealth
 + Level 4.1 Spellcasting
   Level 1.0 Transmutations
 - Level 5.0 Earth Magic


You had 11 spell levels left.
You knew the following spells:

 Your Spells              Type           Power        Failure   Level  Hunger
a - Sandblast             Erth           ###...       2%          1    None


Dungeon Overview and Level Annotations

Branches:
Dungeon (3/15)

Altars:
Dithmenos
Makhleb


Innate Abilities, Weirdness & Mutations

((Your plain brown scales are hard. (AC +5)))
You cannot fit into any form of body armour.
((You are cold-blooded and may be slowed by cold attacks.))


Message History

The adder skeleton is moderately damaged.
The adder skeleton bites you.
You hit the adder skeleton.
The adder skeleton is heavily damaged.
The adder skeleton misses you.
You hit the adder skeleton.
The adder skeleton is severely damaged.
The adder skeleton bites you.
Some of the chunks of flesh in your inventory have rotted away.
You hit the adder skeleton.
The adder skeleton is almost destroyed.
The adder skeleton bites you but does no damage.
You hit the adder skeleton but do no damage.
Your tail-slap misses the adder skeleton.
The adder skeleton is almost destroyed.
The adder skeleton bites you but does no damage.
The adder skeleton barely misses you.
You hit the adder skeleton.
You destroy the adder skeleton!
No target in view!
No target in view!
A bat comes into view.
You see here a long sword.
The helpless bat fails to defend itself.
You puncture the bat!
You kill the bat!
No target in view!
No target in view!
You see here a bat corpse.
You butcher the bat corpse.
q - 5 chunks of flesh {@w0} (gained 1)
You see here a thick smoking staff.
g - a thick smoking staff Wield which item (- for none, * to show all)? (? for menu, Esc to quit)
g - an uncursed staff of wizardry (weapon)
Wield which item (- for none, * to show all)? (? for menu, Esc to quit)
a - a +0 short sword (weapon)
j - 4 scrolls labeled ILEUXTYILU (gained 1)
You see here a long sword.
Found a stone staircase leading down.
No target in view!
u - a scroll labeled NAUWECH TAISHO Key pressed, stopping explore.
Eating one of 5 chunks of flesh {@w0}.
You eat one of the 5 chunks of flesh {@w0}.
This raw flesh tastes terrible.
An orc comes into view. It is wielding a dagger of venom.
The orc shouts!
An orc is nearby!
A worm comes into view.
You hit the orc.
The orc is severely wounded.
The orc hits you but does no damage.
You hit the orc.
Your tail-slap misses the orc.
The orc is severely wounded.
The orc hits you but does no damage.
You are poisoned.
You completely miss the orc.
Your tail-slap misses the orc.
The orc is severely wounded.
You feel sick. The orc hits you but does no damage.
You barely miss the orc.
The orc is severely wounded.
You feel sick.
The orc hits you with a dagger of venom.
The worm bites you!
You are too injured to fight recklessly!
You are too injured to fight recklessly!
You closely miss the orc.
The orc is severely wounded.
You feel sick. The orc closely misses you.
You barely miss the orc.
The orc is severely wounded.
You feel sick.
The orc hits you with a dagger of venom.
You are more poisoned.
The worm bites you.
You closely miss the orc.
Your tail-slap misses the orc.
The orc is severely wounded.
You feel sick.
The orc hits you with a dagger of venom.
You are lethally poisoned!
The worm closely misses you.
The orc hits you with a dagger of venom.
* * * LOW HITPOINT WARNING * * *
You are more poisoned.
It was a potion of might.
You feel very mighty all of a sudden.
* * * LOW HITPOINT WARNING * * *
You feel very sick. The orc completely misses you.
It was a potion of lignification.
You turn into a tree.
Your +0 cloak melds into your body.
Your roots penetrate the ground.
* * * LOW HITPOINT WARNING * * *
You feel sick. The worm bites you.
* * * LOW HITPOINT WARNING * * *
The orc hits you but does no damage.
You are more poisoned.
It was a potion of invisibility.
You fade into invisibility!
You die...

#.# #.# #.# #.#
#.# #.#
#.####.#
##.#....#
#......##
#..#.#.########
#..#.#.#.......
#..#...♣o.#
#..###.#w.#
#..# #.#..#
#... ..#....
##. .$.......
#####.......
#######


You could see a worm and an orc.

Vanquished Creatures
  Jessica (D:2)
  Natasha (thrice) (D:2)
  4 adders
  An adder zombie (D:1)
  An adder skeleton (D:3)
  6 worms
  A leopard gecko (D:1)
  An orc (D:3)
  11 bats
  A bat zombie (D:1)
  5 giant cockroaches
  6 goblins
  5 hobgoblins
  4 jackals (D:1)
  5 kobolds
  A quokka (D:2)
  5 frilled lizards
  6 rats
67 creatures vanquished.

Notes
Turn   | Place    | Note
-------+----------+-------------------------------------------
     0 | D:1      | sankara the Draconian Earth Elementalist began the quest for the Orb.
     0 | D:1      | Reached XP level 1. HP: 14/14 MP: 3/3
   115 | D:1      | Reached XP level 2. HP: 20/20 MP: 0/5
   467 | D:1      | HP: 5/20 [jackal (3)]
   470 | D:1      | HP: 2/20 [jackal (1)]
   495 | D:1      | Reached XP level 3. HP: 4/26 MP: 0/7
  1364 | D:2      | Found a burning altar of Makhleb.
  1420 | D:2      | Reached skill level 3 in Spellcasting
  1719 | D:2      | Reached skill level 4 in Earth Magic
  1751 | D:2      | Noticed Natasha
  1763 | D:2      | Killed Natasha
  1763 | D:2      | Reached XP level 4. HP: 29/33 MP: 2/8
  1811 | D:2      | Noticed Natasha
  1815 | D:2      | Killed Natasha
  2133 | D:2      | Noticed Jessica
  2141 | D:2      | Killed Jessica
  2141 | D:2      | Reached XP level 5. HP: 24/38 MP: 4/10
  2319 | D:2      | Noticed Natasha
  2325 | D:2      | Killed Natasha
  2638 | D:3      | Reached skill level 4 in Spellcasting
  2942 | D:3      | Found a shadowy altar of Dithmenos.
  2958 | D:3      | Reached skill level 5 in Earth Magic
  3115 | D:3      | HP: 7/38 [poisoned by an orc]
  3116 | D:3      | HP: 3/57 [worm (5)]
  3117 | D:3      | Succumbed to an orc's poison

Vault maps used:
D:1:      saegor_arrival_fortress
D:2:      lightli_temple_of_fire, uniq_jessica, uniq_natasha
D:3:      grunt_dithmenos_smoke, first_ration

Skill      XL: |  1  2  3  4  5 |
---------------+----------------+-----
Spellcasting   | 3 4 |  4.1
Earth Magic    | 4 5 |  5.0
Dodging        | |  1.8
Stealth        | |  1.8
Transmutations | |  1.0

Action                   |  1- 3 |  4- 6 || total
-------------------------+-------+-------++-------
Melee: Unarmed           |    65 |       ||    65
       Tailslap          |    11 |     4 ||    15
       Short sword       |    83 |    73 ||   156
 Cast: Sandblast         |    35 |    19 ||    54
  Use: Scroll            |     2 |       ||     2
       Potion            |       |     3 ||     3
 Stab: Sleeping          |     4 |     7 ||    11
       Distracted        |     1 |       ||     1
  Eat: Chunk             |     3 |     5 ||     8
Armor: Skin              |    48 |    31 ||    79
Dodge: Dodged            |   102 |    70 ||   172

Table legend:
 A = Spawn XP
 B = Non-spawn XP
 C = Spawn XP percentage of total XP
 D = Spawn monster count
 E = Non-spawn monster count
 F = Spawn count percentage of total count
 G = Total turns spent on level
                    A         B        C        D         E        F      G
               +---------+---------+-------+---------+---------+-------+---------
         Total |       0 |     322 |   0.0 |       0 |      67 |   0.0 |  3117
               +---------+---------+-------+---------+---------+-------+---------
           D:1 |       0 |      60 |   0.0 |       0 |      31 |   0.0 |  1153
           D:2 |       0 |     214 |   0.0 |       0 |      25 |   0.0 |  1435
           D:3 |       0 |      48 |   0.0 |       0 |      11 |   0.0 |   529
               +---------+---------+-------+---------+---------+-------+---------

Vault maps used:
D:1:      saegor_arrival_fortress
D:2:      lightli_temple_of_fire, uniq_jessica, uniq_natasha
D:3:      grunt_dithmenos_smoke, first_ration

Table legend:
 A = Turns spent in this place as a percentage of turns spent in the entire game.
 B = Non-inter-level travel turns spent in this place as a percentage of non-inter-level travel turns spent in the entire game.
 C = Inter-level travel turns spent in this place as a percentage of turns spent in this place.
 D = Turns resting spent in this place as a percentage of non-inter-level travel turns spent in this place.
 E = Turns spent auto-exploring this place as a percentage of non-inter-level travel turns spent in this place.
 F = Non-inter-level travel turns spent in this place divided by the number of levels of this place that you've seen.
                   A       B       C       D       E      F
               +-------+-------+-------+-------+-------+----------------------
         Total | 100.0 | 100.0 |   2.5 |  35.4 |  41.9 | 1013.3
       Dungeon | 100.0 | 100.0 |   2.5 |  35.4 |  41.9 | 1013.3
               +-------+-------+-------+-------+-------+----------------------

Table legend:
 A = Kills in this place as a percentage of kills in entire the game.
 B = Kills by you in this place as a percentage of kills by you in the entire game.
 C = Kills by friends in this place as a percentage of kills by friends in the entire game.
 D = Other kills in this place as a percentage of other kills in the entire game.
 E = Experience gained in this place as a percentage of experience gained in the entire game.
 F = Experience gained in this place divided by the number of levels of this place that you have seen.
                   A       B       C       D       E      F
               +-------+-------+-------+-------+-------+----------------------
         Total | 100.0 | 100.0 |   N/A |   N/A | 100.0 | 107.3
       Dungeon | 100.0 | 100.0 |   N/A |   N/A | 100.0 | 107.3
               +-------+-------+-------+-------+-------+----------------------
